 Dungeon Crawl Stone Soup version 0.30.0-20-g3615ddf2f0 (webtiles) character file.

Game seed: 4585611997753940943

730 qw the Chopper (level 7, -2/44 HPs)
             Began as a Gargoyle Fighter on May 31, 2023.
             Was an Initiate of Okawaru.
             Slain by an ogre
             ... wielding a +0 giant club
              (23 damage)
             ... on level 5 of the Dungeon.
             The game lasted 00:01:54 (4235 turns).

qw the Chopper (Gargoyle Fighter)                   Turns: 4235, Time: 00:01:55

Health: -2/44      AC: 13    Str: 22    XL:     7   Next: 73%
Magic:  7/7        EV:  8    Int:  8    God:    Okawaru [......]
Gold:   203        SH:  4    Dex:  9    Spells: 6/6 levels left

rFire   . . .        Y - +0 war axe (elec)
rCold   . . .        c - +0 buckler
rNeg    + . .        e - +0 chain mail
rPois   inf          (no helmet)
rElec   +            (no cloak)
rCorr   .            (no gloves)
SInv    .            (no boots)
Will    .....        (no amulet) Stlth
                     (no ring)
HPRegen 0.27/turn    (no ring)
MPRegen 0.10/turn

%: no passive effects
@: no status effects
A: sickness immunity, AC +4, negative energy resistance 1, electricity
resistance, torment resistance 1, petrification resistance
a: Renounce Religion


You were on level 5 of the Dungeon.
You worshipped Okawaru.
Okawaru was noncommittal.
You visited 2 branches of the dungeon, and saw 6 of its levels.

You collected 203 gold pieces.


Innate Abilities, Weirdness & Mutations

You are immune to sickness and miasma.
Your stone body is resilient. (AC +4)
You are immune to poison.
You resist negative energy. (rN+)
You are resistant to electric shocks. (rElec)
You are resistant to unholy torment.
You are immune to petrification.


   Skills:
 + Level 4.5 Fighting
 - Level 7.0 Axes
 - Level 3.2 Armour
 - Level 1.3 Dodging
 - Level 3.2 Shields


You had 6 spell levels left.
You didn't know any spells.
Your spell library was empty.

Inventory:

Hand Weapons
 i - a +0 whip
 Y - a +0 war axe of electrocution (weapon)
Armour
 b - a +2 kite shield
 c - a +0 buckler (worn)
 e - a +0 chain mail (worn)
Scrolls
 a - 6 scrolls of identify
 f - a scroll of fog {unknown}
 h - a scroll of enchant armour {unknown}
Potions
 d - 3 potions of might
 g - 3 potions of haste

Dungeon Overview and Level Annotations

Branches:
Dungeon (5/15)             Temple (1/1) D:5

Altars:
Ashenzari
Cheibriados
Dithmenos
Elyvilon
Fedhas
Gozag
Hepliaklqana
Kikubaaqudgha
Makhleb
Okawaru
Qazlal
Ru
Sif Muna
Trog
Uskayaw
Wu Jian
Xom
Yredelemnul
Zin
The Shining One

Annotations:
D:4 3 runed translucent doors, qw's ghost, amateur GrCA


Message History

The iguana is severely wounded.
The iguana barely misses you.
You slash the iguana!
You kill the iguana!
Okawaru accepts your kill.
An ogre comes into view. It is wielding a +0 giant club.
Found a tower shield.
The ogre shouts!
Enter note:
Enter note:
Enter note:
Enter note:
Enter note:
Enter note:
Enter note:
Enter note:
Enter note:
Enter note:
Enter note:
Enter note:
Enter note:
Enter note:
Enter note: You hit the ogre.
The ogre is lightly wounded.
The ogre closely misses you.
You hit the ogre but do no damage.
The ogre is lightly wounded.
The ogre hits you with a +0 giant club!!
Ouch! That really hurt!
You hit the ogre.
The ogre is moderately wounded.
The ogre hits you with a +0 giant club.
You slash the ogre!
The ogre is severely wounded.
You barely miss the ogre.
The ogre is severely wounded.
The ogre hits you with a +0 giant club!!
Ouch! That really hurt!
You die...

######## #......#.#
#.....# ###.##.#.#
#.....# . #.##.#.#
#.....# .. #......#
#....[## ..[
#.#.##.####.....#. ....
#.#.##..........). .....
#.#.##............
......#.#....####.......
......O@................
........###.............
##......# #........####.
#......# #........# #.
#......# #........# #.
#.####.# #........# #.
#. #.# #######.#####. #
#.# #....... ########


You could see an ogre.

Vanquished Creatures
  An ice beast (D:5)
  A black bear (D:4)
  2 ogres (D:5)
  2 quasits (D:4)
  2 hounds
  A jelly (D:4)
  An iguana (D:5)
  9 adders
  A shadow imp (D:4)
  3 white imps (D:4)
  4 ufetubi (D:4)
  A worm (D:4)
  2 dart slugs
  An orc (D:4)
  7 ball pythons
  6 bats
  7 endoplasms
  6 giant cockroaches
  8 goblins
  7 hobgoblins
  2 jackals (D:3)
  2 quokkas (D:4)
  6 kobolds
  2 rats
84 creatures vanquished.

Notes
Turn   | Place    | Note
-------+----------+-------------------------------------------
     0 | D:1      | qw the Gargoyle Fighter began the quest for the Orb.
     0 | D:1      | Reached XP level 1. HP: 14/14 MP: 1/1
     0 | D:1      | 0 ||| qw: Version: 0.2-a-102-gfc559e5
     0 | D:1      | 0 ||| qw: Game counter: 537
     0 | D:1      | 0 ||| qw: Always use a shield: true
     0 | D:1      | 0 ||| qw: God list: Okawaru
     0 | D:1      | 0 ||| qw: Allow faded altars: false
     0 | D:1      | 0 ||| qw: Do Orc after D:15 true
     0 | D:1      | 0 ||| qw: Do second Lair branch before Depths: true
     0 | D:1      | 0 ||| qw: Lair rune preference: random
     0 | D:1      | 0 ||| qw: Plans: Normal, Zot:1-4, Slime:5, God:TSO, Crypt,
                  | Tomb, Pan, Hells, Abyss, Win
     0 | D:1      | 0 ||| PLANNING D:1-11
    52 | D:1      | Reached skill level 2 in Axes
   220 | D:1      | Reached XP level 2. HP: 19/19 MP: 2/2
   419 | D:1      | 419 ||| READING 3 scrolls labelled HUGAMA ZEL ZEGG.
   422 | D:1      | 422 ||| READING scroll labelled BAENLI TICH.
   813 | D:1      | 813 ||| READING scroll labelled ZAPNAO ELARURI.
   814 | D:1      | 814 ||| DRINKING 2 amethyst potions.
   815 | D:1      | 815 ||| READING 2 scrolls of identify.
   815 | D:1      | 815 ||| IDENTIFYING emerald potion
   816 | D:1      | 816 ||| DROPPING potion of invisibility.
   817 | D:1      | 817 ||| DROPPING potion of magic.
   942 | D:2      | Reached skill level 3 in Axes
  1000 | D:2      | Reached XP level 3. HP: 16/23 MP: 3/3
  1008 | D:2      | 1008 ||| Stepping ~*~*~tactically~*~*~ (stealth).
  1031 | D:2      | 1031 ||| Stepping ~*~*~tactically~*~*~ (stealth).
  1032 | D:2      | 1032 ||| Stepping ~*~*~tactically~*~*~ (stealth).
  1033 | D:2      | 1033 ||| Stepping ~*~*~tactically~*~*~ (stealth).
  1176 | D:2      | 1176 ||| Stepping ~*~*~tactically~*~*~ (hiding).
  1447 | D:2      | 1447 ||| Stepping ~*~*~tactically~*~*~ (stealth).
  1448 | D:2      | 1448 ||| Stepping ~*~*~tactically~*~*~ (stealth).
  1449 | D:2      | 1449 ||| Stepping ~*~*~tactically~*~*~ (stealth).
  1486 | D:2      | 1486 ||| DROPPING +0 club.
  1706 | D:2      | 1706 ||| READING scroll labelled EKHOIGAO USTIA.
  1707 | D:2      | 1707 ||| READING scroll labelled WACLAPL DODDA.
  1708 | D:2      | 1708 ||| READING 4 scrolls of identify.
  1708 | D:2      | 1708 ||| IDENTIFYING dark potion
  1709 | D:2      | 1709 ||| READING 3 scrolls of identify.
  1709 | D:2      | 1709 ||| IDENTIFYING grey potion
  1710 | D:2      | 1710 ||| DROPPING potion of degeneration.
  1780 | D:3      | Reached XP level 4. HP: 27/28 MP: 4/4
  1836 | D:3      | 1836 ||| Stepping ~*~*~tactically~*~*~ (stealth).
  1841 | D:3      | Reached skill level 4 in Axes
  1851 | D:3      | Found a shimmering blue altar of Sif Muna.
  2359 | D:3      | 2359 ||| READING 4 scrolls labelled PAUKUE PAID.
  2360 | D:3      | 2360 ||| READING 2 scrolls labelled JICHEFE BUZI.
  2361 | D:3      | 2361 ||| READING scroll labelled ZUTUNYA YGGUI.
  2362 | D:3      | 2362 ||| DROPPING 3 scrolls of amnesia.
  2363 | D:3      | 2363 ||| DROPPING scroll of noise.
  2381 | D:4      | Reached XP level 5. HP: 29/32 MP: 5/5
  2401 | D:4      | Reached skill level 5 in Axes
  2414 | D:4      | 2414 ||| Stepping ~*~*~tactically~*~*~ (stealth).
  2433 | D:4      | 2433 ||| Stepping ~*~*~tactically~*~*~ (stealth).
  2521 | D:4      | Identified the +1 long sword of Courage {freeze, rC+ Str+2}
  2528 | D:4      | 2528 ||| Stepping ~*~*~tactically~*~*~ (stealth).
  2541 | D:4      | Reached XP level 6. HP: 28/38 MP: 6/6
  2574 | D:4      | 2574 ||| FLEEEEING.
  2575 | D:4      | 2575 ||| FLEEEEING.
  2679 | D:4      | Reached skill level 1 in Dodging
  2760 | D:4      | Found a shimmering altar of Xom.
  2765 | D:4      | Found an opulent altar of Gozag.
  2769 | D:4      | 2769 ||| Stepping ~*~*~tactically~*~*~ (stealth).
  2770 | D:4      | 2770 ||| Stepping ~*~*~tactically~*~*~ (stealth).
  2771 | D:4      | 2771 ||| Stepping ~*~*~tactically~*~*~ (stealth).
  2772 | D:4      | 2772 ||| Stepping ~*~*~tactically~*~*~ (stealth).
  2890 | D:4      | Noticed a black bear
  2898 | D:4      | Killed a black bear
  3082 | D:4      | Found a runed translucent gate.
  3082 | D:4      | Noticed qw's ghost (amateur GrCA)
  3083 | D:4      | Identified the +0 plate armour of Mats {rElec Str-4 Dex+10
                  | Stlth-}
  3083 | D:4      | Noticed an orc warrior
  3083 | D:4      | Found a runed translucent gate.
  3084 | D:4      | Found a runed translucent gate.
  3084 | D:4      | Identified the +0 scale mail "Quwam" {rC+}
  3188 | D:4      | You fall into a shaft and drop 1 floor!
  3188 | D:5      | Entered Level 5 of the Dungeon
  3195 | D:5      | 3195 ||| UPGRADING to +0 chain mail.
  3205 | D:5      | 3205 ||| DROPPING +0 scale mail.
  3410 | D:5      | Found a staircase to the Ecumenical Temple.
  3411 | D:5      | 3411 ||| PLANNING TEMPLE
  3420 | Temple   | Entered the Ecumenical Temple
  3438 | Temple   | 3438 ||| PLANNING OKAWARU WORSHIP
  3613 | Temple   | Became a worshipper of Warmaster Okawaru
  3613 | Temple   | 3613 ||| PLANNING D:1-11
  3653 | D:5      | Reached skill level 6 in Axes
  3653 | D:5      | Reached XP level 7. HP: 38/43 MP: 7/7
  3977 | D:5      | Reached skill level 7 in Axes
  4235 | D:5      | Slain by an ogre

Levels and vault maps discovered:
D:1:      tarquinn_simple_flora_water_a, layout_basic, fountainhead,
          nicolae_concentric_dashed_squares_mild, grunt_decor_arrowhead,
          st_stairs_5
D:2:      layout_loops_ring
D:3:      layout_rooms, nicolae_sif_muna_condensation, serial_aquarium,
          aquarium_bridge_straight [aquarium_subvault_bridge,
          aquarium_subvault_balcony, aquarium_subvault_bridge,
          aquarium_subvault_wall], aquarium_bridge_long_joined
          [aquarium_subvault_bridge, aquarium_subvault_wall,
          aquarium_subvault_bridge, aquarium_subvault_balcony,
          aquarium_subvault_window, aquarium_subvault_window],
          aquarium_window_2, aquarium_window_corridor_2, aquarium_window_fake,
          aquarium_view_2f, aquarium_view_2a, amcnicky_mini_corridor_feature
D:4:      layout_loops_ring, mainiacjoe_overflow_big_doors, serial_demonic,
          serial_demonic_g, serial_demonic_e, serial_demonic_c,
          serial_demonic_b, serial_demonic_e, serial_demonic_d,
          biasface_ghost_orc_armoury
D:5:      layout_basic, minmay_temple_entry_large_hall
Temple:   minmay_crystal_spiral_temple

Skill      XL: |  1  2  3  4  5  6  7 |
---------------+----------------------+-----
Axes           | 2 3 4 5 6 7 |  7.0
Fighting       | 4 |  4.5
Dodging        | 1 |  1.3
Armour         | |  3.2
Shields        | |  3.2

Action                     |  1- 3 |  4- 6 |  7- 9 || total
---------------------------+-------+-------+-------++-------
  Melee: War axe           |   116 |   135 |    41 ||   292
    Use: Scroll            |     8 |     3 |       ||    11
         Potion            |     1 |       |       ||     1
 Armour: Scale mail        |    45 |   116 |       ||   161
         Chain mail        |       |       |    26 ||    26
  Dodge: Dodged            |    52 |    84 |    13 ||   149
  Block: Buckler           |    20 |    35 |     4 ||    59

Table legend:
 A = Non-vault XP
 B = Vault XP
 C = Vault XP percentage of total XP
 D = Non-vault monster count
 E = Vault monster count
 F = Vault count percentage of total count
                 A         B        C        D         E       F
            +---------+---------+-------+---------+---------+-------
      Total |     880 |     163 |  15.6 |      73 |      11 |  13.1
            +---------+---------+-------+---------+---------+-------
        D:1 |      21 |       4 |  16.0 |      12 |       2 |  14.3
        D:2 |      43 |       0 |   0.0 |      19 |       0 |   0.0
        D:3 |      60 |       0 |   0.0 |      15 |       0 |   0.0
        D:4 |     287 |     159 |  35.7 |      19 |       9 |  32.1
        D:5 |     469 |       0 |   0.0 |       8 |       0 |   0.0
            +---------+---------+-------+---------+---------+-------
